AoeStats
← Enberto

Arabia

510262280Analyzed
1v1 RM · 8h ago on Sep 30, 2026· 45m 10s· 2 players
Game mode
Random Map
Map size
Tiny (2 player)
Population
200
Speed
Normal
Resources
Standard
Victory
Conquest
Starting age
Dark Age
Ending age
Imperial Age
RankedLock teamsTeams togetherTeam positionsShared explorationLock speedFull tech treeHidden civsTurbo modeCheats
Victory
Defeat
🇨🇳 Aztecs · China
1130
+15
🇮🇹 Franks · Italy
1103
-15
Enberto
2:57 Loom
10:09 Feudal Age
11:28 Wheelbarrow
10:41 Double-Bit Axe
13:05 Man-at-Arms
13:30 Arson
20:36 Gold Mining
25:14 Castle Age
26:53 Long Swordsman
27:35 Squires
28:52 Gambesons
42:22 Bow Saw
43:52 Hand Cart
45:08 Hand Cart
没钱买DLC
7:21 Loom
9:21 Feudal Age
10:12 Double-Bit Axe
18:44 Forging
18:37 Scale Mail Armor
19:45 Forging
23:47 Castle Age
22:22 Fletching
23:48 Arson
24:44 Gold Mining
24:40 Horse Collar
26:27 Chain Mail Armor
27:07 Squires
29:29 Eagle Warrior
31:44 Iron Casting
34:28 Wheelbarrow
34:56 Bow Saw
34:47 Heavy Plow
38:50 Imperial Age
38:57 Imperial Age
37:01 Padded Archer Armor
39:23 Gold Shaft Mining
39:19 Elite Eagle Warrior
40:14 Stone Mining
40:50 Hand Cart
42:00 Blast Furnace
41:53 Plate Mail Armor
Connection lost

Rejoining the realm…

Still unreachable

The connection could not be restored.

Session expired

The server has moved on; the page needs a fresh start.